 Dungeon Crawl Stone Soup version 0.30.1-3-gfc49f6343a (webtiles) character file.

Game seed: 302003162006134766

88 Gorgoleon the Sneak (level 4, 0/21 HPs)
             Began as a Spriggan Enchanter on Aug 8, 2023.
             Killed from afar by Natasha (3 damage)
             ... with a magic dart
             ... on level 2 of the Dungeon.
             The game lasted 00:05:10 (1660 turns).

Gorgoleon the Sneak (Spriggan Enchanter)            Turns: 1660, Time: 00:05:11

Health: 0/21       AC:  2    Str:  4    XL:     4   Next: 30%
Magic:  5/9        EV: 18    Int: 16    God:
Gold:   56         SH:  0    Dex: 17    Spells: 6/8 levels left

rFire   . . .        a - +1 dagger
rCold   . . .        (no shield)
rNeg    . . .        b - +0 robe
rPois   .            (helmet restricted)
rElec   .            (no cloak)
rCorr   .            (gloves unavailable)
SInv    +            (boots unavailable)
Will    .....        (no amulet)
Stlth   +++          (no ring)
HPRegen 0.23/turn    (no ring)
MPRegen 0.11/turn

%: no passive effects
@: very quick
A: very small, no large weapons, unfitting armour, see invisible, speed 3
a: no special abilities


You were on level 2 of the Dungeon.
You visited 1 branch of the dungeon, and saw 2 of its levels.

You collected 56 gold pieces.

Inventory:

Hand Weapons
 a - a +1 dagger (weapon)
Missiles
 e - 22 stones (quivered)
Armour
 b - a +0 robe (worn)
Scrolls
 d - 2 scrolls of fog {unknown}
 f - a scroll of identify {unknown}
 j - a scroll of acquirement {unknown}
 k - a scroll of torment {unknown}
 l - a scroll of blinking {unknown}
Potions
 c - 2 potions of invisibility
 g - a potion of curing {unknown}
 h - a potion of lignification {unknown}
 i - a potion of ambrosia {unknown}
 m - a potion of flight {unknown}


   Skills:
 * Level 3.6 Short Blades
 - Level 3.0 Dodging
 - Level 5.0 Stealth
 - Level 2.6 Spellcasting
 - Level 4.0 Hexes
 - Level 1.0 Ice Magic


You had 6 spell levels left.
You knew the following spells:

 Your Spells              Type           Power      Damage    Failure   Level
a - Ensorcelled Hibernat  Hex/Ice        20%        N/A       11%         2

Your spell library contained the following spells:

 Spells                   Type           Power      Damage    Failure   Level
 Confusing Touch          Hex            14%        N/A       11%         3
 Tukima's Dance           Hex            14%        N/A       11%         3
 Foxfire                  Conj/Fire      8%         2x1d4     19%         1
 Dazzling Flash           Conj/Hex       16%        N/A       26%         3
 Fireball                 Conj/Fire      1%         3d3       99%         5
 Plasma Beam              Fire/Air       1%         2x1d12    100%        6
 Starburst                Conj/Fire      1%         6d3       100%        6


Dungeon Overview and Level Annotations

Branches:
Dungeon (2/15)

Altars:

Annotations:
D:2 Natasha


Innate Abilities, Weirdness & Mutations

You are very small and have problems with some larger weapons.
You are too small for most types of armour.
You have supernaturally acute eyesight. (SInv)
You cover ground extremely quickly. (Speed+++)


Message History

Things that are here:
a +0 dagger; an orc corpse Natasha, Servant of Life and Death comes into view.
There is an open door here.
Jessica shouts!
Jessica gestures wildly while chanting.
Jessica blinks!
Things that are here:
a +0 dagger; an orc corpse
Casting: Ensorcelled Hibernation (safe; 11% risk of failure)
Confirm with . or Enter, or press ? or * to list all spells.
Aiming: Ensorcelled Hibernation (safe; 11% risk of failure)
Press: ? - help, Shift-Dir - straight line, f - Jessica
Aim: Jessica, wielding a +0 dagger and wearing a +0 robe (chance to affect: 52%) Jessica resists with significant effort.
Jessica mumbles some strange words.
Jessica seems to speed up.
Casting: Ensorcelled Hibernation (safe; 11% risk of failure)
Confirm with . or Enter, or press ? or * to list all spells.
Aiming: Ensorcelled Hibernation (safe; 11% risk of failure)
Press: ? - help, Shift-Dir - straight line, f/p - Jessica
Aim: Jessica, wielding a +0 dagger and wearing a +0 robe (fast, chance to affect: 52%) Jessica looks drowsy...
The helpless Jessica fails to defend herself.
You impale Jessica!!
You kill Jessica!
You have reached level 4!
Items here: )) [ ††.
Okay, then.
There is an open door here.
Natasha hisses angrily.
Natasha casts a spell at you. The magic dart hits you!
Ouch! That really hurt!
Natasha casts a spell at you. The magic dart hits you!
* * * LOW HITPOINT WARNING * * *
Natasha casts a spell at you. The magic dart hits you.
You die...

#.#######.......# ##
#.# #.......# #.#
#.......# #.# #.......#
#.# #.......#
#######'###############
#..............#
...............#
.........@.....#
...............#
#...........h..#
#..............#
#######'##........
#.##........ #.
#........ #. +........
#........


You could see Natasha.

Vanquished Creatures
  Jessica (D:2)
  Natasha (D:2)
  A dart slug (D:1)
  An orc (D:2)
  A ball python (D:1)
  2 bats (D:2)
  5 endoplasms (D:1)
  3 goblins
  4 hobgoblins (D:1)
  4 quokkas (D:1)
  3 frilled lizards (D:1)
  5 kobolds (D:1)
  A rat (D:1)
32 creatures vanquished.

Notes
Turn   | Place    | Note
-------+----------+-------------------------------------------
     0 | D:1      | Gorgoleon the Spriggan Enchanter began the quest for the
                  | Orb.
     0 | D:1      | Reached XP level 1. HP: 9/9 MP: 5/5
   366 | D:1      | Reached XP level 2. HP: 13/13 MP: 6/6
   389 | D:1      | Learned a level 2 spell: Ensorcelled Hibernation
   465 | D:1      | Reached skill level 5 in Stealth
   986 | D:1      | Reached XP level 3. HP: 13/16 MP: 8/8
  1326 | D:2      | Noticed Natasha
  1333 | D:2      | Killed Natasha
  1334 | D:2      | Reached skill level 1 in Ice Magic
  1557 | D:2      | Noticed Jessica
  1616 | D:2      | Noticed Natasha
  1643 | D:2      | Killed Jessica
  1644 | D:2      | Reached XP level 4. HP: 21/21 MP: 4/9
  1660 | D:2      | Killed from afar by Natasha

Illustrated notes

Levels and vault maps discovered:
D:1:      dpeg_arrival_refuge, layout_basic
D:2:      layout_basic, uniq_jessica, uniq_natasha

Skill      XL: |  1  2  3 |
---------------+----------+-----
Hexes          | 4 |  4.0
Stealth        | 5 |  5.0
Dodging        | 3 |  3.0
Short Blades   | 3 |  3.6
Ice Magic      | 1 |  1.0
Spellcasting   | |  2.6

Action                     |  1- 3 |  4- 6 || total
---------------------------+-------+-------++-------
  Melee: Dagger            |   107 |       ||   107
   Cast: Ensorcelled Hiber |    11 |       ||    11
   Stab: Sleeping          |    14 |       ||    14
 Armour: Robe              |     6 |       ||     6
  Dodge: Dodged            |    59 |       ||    59
